 Dungeon Crawl Stone Soup version 0.27-a0-1196-g3e9cee4cb2 (webtiles) character file.

Game seed: 16248920157561411199

0 mordus the Skirmisher (level 1, -5/18 HPs)
             Began as a Formicid Abyssal Knight on May 28, 2021.
             Was a Follower of Lugonu.
             Slain by a chaos spawn (14 damage)
             ... on level 1 of the Abyss.
             The game lasted 00:00:21 (75 turns).

mordus the Skirmisher (Formicid Abyssal Knight)       Turns: 75, Time: 00:00:22

Health: -5/18      AC:  3    Str: 16    XL:     1   Next: 0%
Magic:  0/2        EV:  8    Int: 11    God:    Lugonu [*.....]
Gold:   0          SH:  0    Dex: 10    Spells: 0/0 levels left

rFire    . . .     SeeInvis +   a - +1 falchion
rCold    . . .     Faith    .   (no shield)
rNeg     . . .     Spirit   .   b - +0 leather armour
rPois    .         Reflect  .   (helmet unavailable)
rElec    .         Harm     .   (no cloak)
rCorr    .         Rampage  .   (no gloves)
Will     .....                  (no boots)
Stlth    +.........             (no amulet)
HPRegen  0.06/turn              (no ring)
MPRegen  0.08/turn              (no ring)

@: constricted
A: permanent stasis, dig shafts and tunnels, antennae 3, four strong arms
a: Dig, Shaft Self, Renounce Religion, Depart the Abyss


You were on level 1 of the Abyss.
You worshipped Lugonu.
Lugonu was aware of your devotion.
You visited 0 branches of the dungeon, and saw 0 of its levels.
You visited the Abyss 1 time.

Inventory:

Hand Weapons
 a - a +1 falchion (weapon)
Armour
 b - a +0 leather armour (worn)


   Skills:
 - Level 3.2 Fighting
 * Level 2.0 Long Blades
 + Level 2.1 Armour
 - Level 0.8 Dodging
 + Level 2.1 Invocations


You couldn't memorise any spells.
You didn't know any spells.
Your spell library was empty.

Dungeon Overview and Level Annotations

Branches:
Dungeon (0/15)

Altars:


Innate Abilities, Weirdness & Mutations

You cannot be hasted, slowed, berserked, paralysed or teleported.
You can dig through walls and to a lower floor.
You have a pair of large antennae on your head. (SInv)
Your four strong arms can wield two-handed weapons with a shield.


Message History

Welcome, mordus the Formicid Abyssal Knight.
Will you prevail where others failed? Will you find the Orb of Zot?
Lugonu says: Depart the Abyss and spread corruption, my servant! (use the ability menu to exit the Abyss) Press ? for a list of commands and other information.
Found a corrupted altar of Lugonu.
Found a helmet.
You see here a +0 helmet.
Found 8 boomerangs.
You sense a monster nearby.
A neqoxec comes into view.
Found 17 bolts.
A tentacled starspawn comes into view.
A tentacle flies out from the starspawn's body!
A starspawn tentacle comes into view.
A chaos spawn comes into view.
The chaos spawn shouts!
You hear a bark!
A raiju comes into view.
A small abomination comes into view.
The chaos spawn hits you.
You feel your power leaking away.
A tentacle flies out from the starspawn's body!
A starspawn tentacle comes into view.
The starspawn tentacle grabs you. The starspawn tentacle constricts you.
The starspawn tentacle's grasp on you weakens, but your attempt to escape fails.
The chaos spawn gores you!
Ouch! That really hurt!
You die...
X

##.##. .##. ###
.#..#.{##..###...# #
#.#....#.\....x...# #
. .#....###X#{.#
.#§....#./.h#h# ..
#.#.│#.#### { ##
#..#..│....# # .#
.##.#w.#.# .
#####...###@4.# ##
#.#.# .......#####
.#.##.....#(...#.....#
..#.#.# #....##.#....#
###.. .(#.#.. ##...###
#..# ##..##. ...##..
.... ..........#. .
##...###. ..# # ##
#.#... .. ##.


You could see a tentacled starspawn, a raiju, a chaos spawn and a starspawn
tentacle.

Vanquished Creatures (others)
  2 starspawn tentacles (Abyss:1)
2 creatures vanquished.

Notes
Turn   | Place    | Note
-------+----------+-------------------------------------------
     0 | Abyss:1  | mordus the Formicid Abyssal Knight began the quest for the
                  | Orb.
     0 | Abyss:1  | Reached XP level 1. HP: 18/18 MP: 2/2
    55 | Abyss:1  | Noticed a neqoxec
    62 | Abyss:1  | Noticed a tentacled starspawn
    66 | Abyss:1  | Noticed a chaos spawn
    70 | Abyss:1  | Noticed a raiju
    73 | Abyss:1  | Noticed a small abomination
    75 | Abyss:1  | Slain by a chaos spawn

Illustrated notes

Levels and vault maps discovered:
Abyss:1:  base: Temple, base:
Temple

Table legend: (Time is in decaauts)
 A = Elapsed time spent in this place.
 B = Non-inter-level travel time spent in this place.
 C = Inter-level travel time spent in this place.
 D = Time resting spent in this place.
 E = Time spent auto-exploring this place.
 F = Levels seen in this place.
 G = Mean time per level.
                   A        B        C        D        E       F      G
               +--------+--------+--------+--------+--------+-----+--------+
         Total |     75 |     75 |      0 |      0 |     54 |   1 |   75.0 |
         Abyss |     75 |     75 |      0 |      0 |     54 |   1 |   75.0 |
               +--------+--------+--------+--------+--------+-----+--------+

Top non-repeatable levels by time:
 Abyss:1: 75 daAuts
